Cogmind - Beta 16 @@@ ROGUE MODE // 2025.11.25 @ 20:12:24 Player: SilverswordXV Result: Core destroyed Performance ------------- Evolutions (0) 0 Regions Visited (2) 400 Robots Destroyed (2) 10 Value Destroyed (81) 81 Prototype IDs (0) 0 Alien Tech Used (0) 0 Bonus (0) 0 TOTAL SCORE: 491 Bonus ------- None Cogmind --------- Core Integrity 0/250 Matter 240/300 Energy 100/100 System Corruption 3% Temperature Cool (0) Movement Core (50) Location -10/Mines Parts ------- > --- POWER (1) -------- (None) > --- PROPULSION (2) --- (None) > --- UTILITY (2) ------ (None) > --- WEAPON (2) ------- (None) > --- INVENTORY (5) ---- Ion Engine Light Treads Small Storage Unit Large Matter Pod (15) Signal Interpreter Peak State ------------ > --- POWER ------------ Ion Engine > --- PROPULSION ------- Wheel Compact Wheel > --- UTILITY ---------- Small Storage Unit Medium Storage Unit > --- WEAPON ----------- Medium Laser Assault Rifle > --- INVENTORY -------- Ion Engine Light Treads Large Matter Pod Signal Interpreter Medium Laser [Rating: 7] Favorites ----------- Power Ion Engine Engine Ion Engine Propulsion Wheel Treads Light Treads Wheel Wheel Utility Medium Storage Unit Storage Medium Storage Unit Weapon Medium Laser Energy Gun Medium Laser Ballistic Gun Assault Rifle Launcher Grenade Launcher Build | -11 -10 -10 ------- Run | Yrd Mat Min Slots Evolved . | . . . Power . | . . . Propulsion . | . . . Utility . | . . . Weapon . | . . . Parts Attached 11 | 6 1 4 Power 2 | 1 . 1 Engine 2 | 1 . 1 Core . | . . . Reactor . | . . . Propulsion 3 | 2 . 1 Treads 1 | . . 1 Leg . | . . . Wheel 2 | 2 . . Hover . | . . . Flight . | . . . Utility 2 | 1 1 . Device . | . . . Storage 2 | 1 1 . Processor . | . . . Hackware . | . . . Protection . | . . . Artifact . | . . . Weapon 4 | 2 . 2 Energy Gun 2 | 1 . 1 Energy Cannon . | . . . Ballistic Gun 1 | 1 . . Ballistic Cannon . | . . . Launcher 1 | . . 1 Special Weapon . | . . . Impact Weapon . | . . . Slashing Weapon . | . . . Piercing Weapon . | . . . Special Melee Weapon . | . . . Unidentified Prototypes . | . . . Parts Lost 8 | . . 8 Power 2 | . . 2 Propulsion 2 | . . 2 Utility . | . . . Weapon 4 | . . 4 Highest Loss Streak 7 | . . 7 To Critical Strikes . | . . . Average Backups 5 | 1 4 6 Power . | . 1 . Propulsion . | . 1 . Utility 2 | . 1 3 Weapon 1 | . 1 1 Tool/Special . | . . . Unused Backups 3 | . . 3 Power 1 | . . 1 Propulsion . | . . . Utility 2 | . . 2 Weapon . | . . . Tool/Special . | . . . Average Slot Usage (%) 79 | . 85 77 Engine 13 | . 14 12 Treads 1 | . . 1 Wheel 24 | . 28 22 Storage 13 | . 14 13 Energy Gun 14 | . 14 14 Ballistic Gun 11 | . 14 11 Peak Build Rating 7 | 6 7 6 Average Rating 5 | 4 6 5 On Entrance 4 | . 6 6 Avg Prop Armor Cover (%) . | . . . Naked Turns 3 | . . 3 Heaviest Build 20 | 14 19 20 Greatest Support 26 | 26 26 26 Greatest Overweight (x) 1 | 1 . . Average Overweight (x) . | . . . Largest Inventory Capacity 10 | 8 10 10 Average Capacity 9 | 7 8 9 Most Carried 7 | 3 6 7 Average Carried 5 | 1 4 6 Final Capacity 10 | 8 10 5 Final Carried 6 | 3 6 5 Class Distribution -------------------- 100% | Mutant Dominant Class ---------------- Mutant | -10/Materials Mutant | -10/Mines Resources | -11 -10 -10 ----------- Run | Yrd Mat Min Matter Collected 327 | 225 . 102 Remotely . | . . . Salvage Created 123 | . . 123 Parts 6 | . . 6 Haulers Intercepted . | . . . Recyclers Shooed . | . . . Parts Field Recycled . | . . . Retrieved Matter . | . . . Parts Self-Destructed . | . . . Prevented . | . . . Parts Restored . | . . . Kills | -11 -10 -10 ------- Run | Yrd Mat Min Combat Hostiles Destroyed 9 | . . 9 Guns 3 | . . 3 AOE 6 | . . 6 Classes Destroyed 2 | . . 2 Grunt 2 | . . 2 Assembled 7 | . . 7 Best Kill Streak 7 | . . 7 Combat Bots Only 7 | . . 7 Max Kills in Single Turn 2 | . . 2 Gunslinging . | . . . Exploded 2 | . . 2 Melee . | . . . Uniques/NPCs Destroyed . | . . . Combat | -11 -10 -10 -------- Run | Yrd Mat Min Hostile Shots Fired 72 | . 3 69 Missed 12 | . 1 11 Hits 60 | . 2 58 Melee 8 | . . 8 Projectile 52 | . 2 50 Critical Strikes 1 | . . 1 Part Disruptions 2 | . . 2 Damage Taken 939 | . 26 913 Core 252 | . 26 226 Absorbed by Shields . | . . . Core Remaining (%) 100 | 100 . . Volleys Fired 22 | . . 22 Largest 2 | . . 2 Hottest 80 | . . 80 Shots Fired 41 | . . 41 Gun 36 | . . 36 Cannon . | . . . Launcher 5 | . . 5 Special . | . . . Kinetic 14 | . . 14 Thermal 22 | . . 22 Explosive 5 | . . 5 Electromagnetic . | . . . Robot Hit Streak 13 | . . 13 Robot Miss Streak 7 | . . 7 Penetration Max . | . . . Secondary Targets . | . . . Shots Hit Robots 24 | . . 24 Core Hits 26 | . . 26 Critical Kills . | . . . Critical Parts Destroyed . | . . . Critical Strikes . | . . . Melee Attacks . | . . . Impact . | . . . Slashing . | . . . Piercing . | . . . Sneak Attacks . | . . . Combat Hostiles . | . . . Follow-up Attacks . | . . . Damage Inflicted 708 | . . 708 Guns 287 | . . 287 Cannons . | . . . Explosions 400 | . . 400 Melee . | . . . Ramming 21 | . . 21 Kinetic 124 | . . 124 Thermal 163 | . . 163 Explosive 400 | . . 400 Electromagnetic . | . . . Impact . | . . . Slashing . | . . . Piercing . | . . . Highest Corruption 3 | . . 3 Average Corruption 3 | . . 3 Corruption Purged . | . . . Corruption Blocked . | . . . Effects 1 | . . 1 Matter Fused 1 | . . 1 Overload Shots . | . . . Overflow Damage . | . . . Projectiles . | . . . Explosions . | . . . Melee . | . . . Knockbacks . | . . . Impact . | . . . Kinetic . | . . . Secondary . | . . . Self-Inflicted Damage 46 | . . 46 Shots 2 | . . 2 Rammed 4 | . . 4 Targets Rammed 4 | . . 4 Kicked . | . . . Crushed . | . . . Highest Temperature 298 | . . 298 Average Temperature 123 | . . 123 Received Heat Transfer 441 | . 15 426 Siege Activations . | . . . Martial Activations . | . . . Shielding Activations . | . . . Robots Disrupted . | . . . Combat Hostiles . | . . . Robots Corrupted . | . . . Combat Hostiles . | . . . Parts Fried . | . . . Impact Corruptions . | . . . Robots Melted . | . . . Combat Hostiles . | . . . Parts Melted . | . . . Heat Transferred 481 | . . 481 Parts Sabotaged . | . . . Parts Stolen . | . . . Parts Stripped . | . . . Power Chain Reactions . | . . . Alert | -11 -10 -10 ------- Run | Yrd Mat Min Maximum Alert Level . | . . . Low Security (%) 100 | 100 100 100 Level 1 . | . . . Level 2 . | . . . Level 3 . | . . . Level 4 . | . . . Level 5 . | . . . High Security . | . . . Max Security . | . . . Peak Influence 30 | . 15 30 Initial 5 | . . 5 Average 4 | . . 6 Influence Increases 90 | . 15 75 Destroy 0b10 Robot/C 40 | . . 40 Destroy Leader 10 | . . 10 Destroy Structure 25 | . . 25 Partial Spotted 15 | . 15 . Influence Decreases 90 | . . 90 Entered New Map 10 | . . 10 Time Decay 53 | . . 53 Lost Part 27 | . . 27 Squads Dispatched 2 | . 2 . Investigation 1 | . 1 . Extermination . | . . . Reinforcement 1 | . 1 . Assault . | . . . Garrison . | . . . Intercept . | . . . Searches Triggered . | . . . Construction Impeded . | . . . Haulers Reinforced . | . . . Active Scanning Responses . | . . . Cargo Convoy Interrupts . | . . . Stealth | -11 -10 -10 --------- Run | Yrd Mat Min Distress Signals 1 | . 1 . Communications Jammed . | . . . Distress Signals . | . . . Times Spotted 29 | . 8 21 Peak Tracking Total 14 | . 7 14 Tactical Retreats . | . . . Traps | -11 -10 -10 ------- Run | Yrd Mat Min Traps Triggered 1 | . 1 . Indirectly . | . . . Trap Hack Attempts . | . . . Triggered . | . . . Disarmed . | . . . Reprogrammed . | . . . Reused . | . . . Traps Extracted . | . . . Installed . | . . . Triggered . | . . . Machines | -11 -10 -10 ---------- Run | Yrd Mat Min Machines Disabled . | . . . Max in Single Turn . | . . . Machines Repaired . | . . . Machines Dismantled . | . . . Machines Sabotaged . | . . . Overloaded Fab Kills . | . . . Hacking | -11 -10 -10 --------- Run | Yrd Mat Min Machines Accessed 1 | . 1 . Terminals 1 | . 1 . Fabricators . | . . . Repair Stations . | . . . Recycling Units . | . . . Scanalyzers . | . . . Garrison Access . | . . . Total Hacks 3 | . 3 . Successful . | . . . Failed 3 | . 3 . Catastrophic . | . . . Database Lockouts . | . . . Manual 3 | . 3 . Terminals 3 | . 3 . Fabricators . | . . . Repair Stations . | . . . Recycling Units . | . . . Scanalyzers . | . . . Garrison Access . | . . . Terminal Hacks . | . . . Fabricator Hacks . | . . . Repair Station Hacks . | . . . Recycling Unit Hacks . | . . . Scanalyzer . | . . . Garrison Access Hacks . | . . . Unauthorized Hacks . | . . . Terminals . | . . . Fabricators . | . . . Repair Stations . | . . . Recycling Units . | . . . Scanalyzers . | . . . Garrison Access . | . . . Data Cores Recovered . | . . . Used . | . . . Hacking Detections 1 | . 1 . Full Trace Events . | . . . Feedback Events . | . . . Feedback Blocked . | . . . Robot Schematics Acquired . | . . . Robots Built . | . . . Authchips . | . . . Time . | . . . Total Robot Build Rating . | . . . Part Schematics Acquired . | . . . Parts Built . | . . . Authchips . | . . . Time . | . . . Total Part Build Rating . | . . . Part Studies Acquired . | . . . Parts Repaired . | . . . Time . | . . . Parts Recycled . | . . . Recycled Matter . | . . . Retrieved Matter . | . . . Retrieved Components . | . . . Parts Scanalyzed . | . . . Part Schematics Acquired . | . . . Parts Damaged . | . . . Bothacking | -11 -10 -10 ------------ Run | Yrd Mat Min Used RIF Installer . | . . . Robots Hacked . | . . . Non-combat . | . . . Combat . | . . . Robot Hacks Applied . | . . . Relay Couplers Released . | . . . Fabnet Peak Effective % . | . . . Robots Rewired . | . . . Allies Hacked . | . . . Hacks Repelled . | . . . Allies | -11 -10 -10 -------- Run | Yrd Mat Min Total Allies . | . . . Largest Group . | . . . Highest-Rated Group . | . . . Highest-Rated Ally . | . . . Total Orders . | . . . Ally Attacks . | . . . Total Damage . | . . . Kills . | . . . Allies Corrupted . | . . . Allies Melted . | . . . Intel | -11 -10 -10 ------- Run | Yrd Mat Min Active Infowar (turns) . | . . . Robot Analysis Total . | . . . Derelict Logs Recovered . | . . . Drone Launches . | . . . Drone Recoveries . | . . . Exploration | -11 -10 -10 ------------- Run | Yrd Mat Min Turns Passed 373 | 50 90 233 Spaces Moved 302 | 45 86 171 Core 16 | 6 . 10 Treads 8 | . . 8 Legs . | . . . Wheels 278 | 39 86 153 Hover . | . . . Flight . | . . . Fastest Speed 50 | 50 90 50 Average Speed 89 | 85 90 90 Slowest Speed 160 | 100 90 160 Overloaded Moves . | . . . Propulsion Burnouts . | . . . Robots Hopped . | . . . Potential Cave-ins . | . . . Cave-ins Triggered . | . . . Exploration Rate (%) 22 | 4 25 37 Regions Visited 2 Branch Regions 1 Pre-discovered Areas . | . . . Known Exits Taken . | . . . Unknown Exits Taken 2 | 1 1 . Scrap Searched . | . . . Spaces Dug 9 | . . 9 Terrain Destroyed 37 | . . 37 Melee . | . . . Projectile . | . . . AOE 37 | . . 37 Terrain Rammed . | . . . Walls Destroyed . | . . . Machines Disabled . | . . . Actions | -11 -10 -10 --------- Run | Yrd Mat Min Total 359 | 53 98 208 Wait 10 | . 8 2 Move 300 | 44 85 171 Hop . | . . . Pick Up 8 | 3 3 2 Fast Attach 6 | 6 . . Attach 6 | . 1 5 Detach 3 | . 1 2 Swap . | . . . Drop 1 | . . 1 Fire 22 | . . 22 Melee . | . . . Ram 3 | . . 3 Kick . | . . . Crush . | . . . Escape Stasis . | . . . Rewire . | . . . Trap . | . . . Miscellaneous . | . . . Route ------- -11/Scrapyard -10/Materials -10/Mines History --------- Turn | Location | Event 12 | -11/Scrapyard | Discovered new exit (range 16) 51 | -11/Scrapyard | Entered Materials 119 | -10/Materials | Discovered new exit (range 15) 141 | -10/Materials | Entered Mines 309 | -10/Mines | Assembled infested the area 311 | -10/Mines | Build established: Mutant 329 | -10/Mines | Core integrity fell below 50% 371 | -10/Mines | Core integrity fell below 20% 374 | -10/Mines | Destroyed 7 combat bots 374 | -10/Mines | Core destroyed Last Messages --------------- 00327_ as-28502 destroyed. 00330_ as-82152 destroyed. 00333_ as-89981 destroyed. 00334_ Wheel destroyed. 00334_ System corrupted by crushing effect (+3). 00337_ System corrupted: Matter fused (-10). 00337_ The unstable cave ceiling collapses. 00337_ as-83734 destroyed. 00346_ The unstable cave ceiling collapses. 00353_ as-71921 destroyed. 00353_ as-45086 destroyed. 00357_ Grenade Launcher destroyed. 00358_ Med. Laser destroyed. 00361_ The unstable cave ceiling collapses. 00363_ Critical hit (Burn: +80). 00364_ Ion Engine destroyed. 00365_ Dropped Med. Storage Unit. 00369_ Slammed into as-85216. 00371_ Med. Laser destroyed. 00373_ Slammed into as-89481. Map ----- +----------------------------------------------------+ | ???????#######?#### # | | ??????????????????###### # | | ????????????????####???## # | | ???????????????## ##???## | | ??????????????## ##??## | | ??????????????# #### | | ??????????????# | | ??????????????# ! | | ??????????????## == | | ????????###????#### = [ | | ???????## ##?????###### ## | | ???????# ############# ### | | ???????# # #?# | | ???????# #?# | | ???????## ###########?# | | ????????## #???????????? | | ?????????# ##???????????? | | ?????????## ##????????????? | | ??????????# ###?????????????? | | ??????????# #???????????????? | | ?######???# #???????????????? | | ?# ###?# #???????????????? | | ## # #### #???????????????? | | # a aa #???????????????? | | # #### #???????????????? | | ?# #@ ##?# #???????????????? | | ?##aa###??# #???????????????? | | ??# a #???# #???????????????? | | ??# #???# #???????????????? | | ??##!##???# ???????????????? | | ???#aa ???###???????????????? | | ??? % ???????????????????? | | ??? % ?????????????????? | | ??# ???????????????? | | ??# #?????????????? | | ??# ##?????????????? | | ??## #####??????????????? | | ???### #??????????????????? | | ??????####??????????????????? | | ????????????????????????????? | | ????????????????????????????? | | ????????????????????????????? | | ????????????????????????????? | | ????????????????????????????? | | ????????????????????????????? | | ????????????????????????????? | | ????????????????????????????? | | ????????????????????????????? | | ????????????????????????????? | | ????????????????????????????? | +----------------------------------------------------+ Best States ------------- Heat Dissipation 25 Energy Generation 10 Energy Capacity 250 Matter Stores 300 Matter Capacity 300 Sight Range 16 Terrain Scan Density 10 Evasion (%) 48 Recoil Reduction 1 Item Schematics ----------------- None Robot Schematics ------------------ None Fabricated ------------ Nothing Repaired ---------- Nothing Studied --------- None Alien Tech Used ----------------- None Achievements -------------- None Challenges ------------ None Game ------ Seed GravitonArmageddonStatue Manual? 0 Play Time 00:05:04 Cumulative 31.0 hours Start 2025.11.25 @ 20:07:21 End 2025.11.25 @ 20:12:24 Sessions 1 Manual Loads 0 Difficulty Rogue Special Mode None Game No. 32 Rogue 32 Adventurer 0 Explorer 0 Win Type - Total 0 Types 0/0/0/0/0/0/0/0/0/0 Lore% 15 Gallery% 23 Achievement% 20 Wizard Run 0 Options --------- Layout 1 ASCII 0 Keyboard 1 Movement Numpad Keybinds 0 Fullscreen 1 Font 24/Smallcaps Map View 50x35 Zoom Use 0% Tactical HUD 1 Map Filters NONE Filters NONE Steam 1 RUN: a43c0564-aa1c-4882-a47d-1dc2319c9beb